 Dungeon Crawl Stone Soup version 0.24.0-13-gcf9b319 (webtiles) character file.

Game seed: 15740469912076007004, levelgen mode: deterministic

74 ricardofg the Magician (level 4, -4/33 HPs)
             Began as a Draconian Wizard on Nov 21, 2019.
             Killed by divine providence
             ... invoked by an orc priest
              (14 damage)
             ... on level 3 of the Dungeon.
             The game lasted 00:06:35 (3078 turns).

ricardofg the Magician (Draconian Wizard)           Turns: 3078, Time: 00:06:36

Health: -4/33      AC:  5    Str:  9    XL:     4   Next: 9%
Magic:  2/9        EV: 12    Int: 19    God:
Gold:   196        SH:  0    Dex: 10    Spells: 3/10 levels left

rFire    . . .     SeeInvis .   d - +0 short sword
rCold    . . .     Gourm    .   (no shield)
rNeg     . . .     Faith    .   (armour unavailable)
rPois    .         Spirit   .   a - +0 hat
rElec    .         Reflect  .   (no cloak)
rCorr    .         Harm     .   (no gloves)
MR       .....                  (no boots)
Stlth    ++........             (no amulet)
HPRegen  0.11/turn              (no ring)
MPRegen  0.11/turn              (no ring)

@: very slightly contaminated
A: unfitting armour, cold-blooded, AC +5
a: no special abilities


You were on level 3 of the Dungeon.
You were not hungry.

You visited 1 branch of the dungeon, and saw 3 of its levels.

You collected 196 gold pieces.

Inventory:

Hand Weapons
 d - a +0 short sword (weapon)
 m - a +0 whip
Armour
 a - a +0 hat (worn)
Scrolls
 h - 2 scrolls of magic mapping
 i - 3 scrolls of teleportation {unknown}
 l - a scroll of remove curse
 n - 3 scrolls of identify
 o - 2 scrolls of enchant armour {unknown}
 q - a scroll of fear {unknown}
 r - a scroll of random uselessness {unknown}
Potions
 b - a potion of flight {unknown}
 e - a potion of ambrosia {unknown}
 f - a potion of lignification {unknown}
 g - a potion of heal wounds {unknown}
 j - a potion of curing {unknown}
 k - 2 potions of invisibility {unknown}
 p - a potion of mutation {unknown}
Comestibles
 c - 4 rations


   Skills:
 - Level 1.7 Dodging
 - Level 1.7 Stealth
 + Level 3.9 Spellcasting
 + Level 2.8 Conjurations
   Level 1.0 Summonings
   Level 1.0 Translocations


You had 3 spell levels left.
You knew the following spells:

 Your Spells              Type           Power        Failure   Level  Hunger
a - Magic Dart            Conj           ##..         4%          1    None
b - Conjure Flame         Conj/Fire      #.......     22%         3    ###....
c - Mephitic Cloud        Conj/Pois/Air  #.......     28%         3    ###....

Your spell library contained the following spells:

 Spells                   Type           Power        Failure   Level  Hunger
 Blink                    Tloc           N/A          14%         2    ##.....
 Call Imp                 Summ           #.......     14%         2    ##.....
 Slow                     Hex            #.......     22%         2    ##.....


Dungeon Overview and Level Annotations

Branches:
Dungeon (3/15)

Altars:
Fedhas


Innate Abilities, Weirdness & Mutations

Your plain brown scales are hard. (AC +5)
You cannot fit into any form of body armour.
You are cold-blooded and may be slowed by cold attacks.


Message History

The weapon returns to the orc!
The orc priest calls upon Beogh to heal the orc.
The orc's wounds heal themselves!
The orc priest invokes the aid of Beogh against you.
Beogh smites you!
Casting: Mephitic Cloud (safe; 28% risk of failure)
Confirm with . or Enter, or press ? or * to list all spells.
Aiming: Mephitic Cloud (safe; 28% risk of failure)
Press: ? - help, Shift-Dir - straight line, p - orc You miscast Mephitic Cloud.
The wind howls around you!
Casting: Mephitic Cloud (safe; 28% risk of failure)
Confirm with . or Enter, or press ? or * to list all spells.
You don't have enough magic to cast that spell.
You see here a spear.
The orc priest invokes the aid of Beogh against you.
Pain shoots through your body!
* * * LOW HITPOINT WARNING * * *
The orc priest mumbles some strange prayers to Beogh against you.
Beogh smites you!
You die...

#.#o# #.#.# #.#o#
#o#)# #o#.# . #.#.#
.#. #o#.# .#.#!#
#.#.# .#.#.# #.#@#
###.#.#.######.#.#
#...#.#.#...##.#.#
......#......#.#.#
......#.†.o(...#.#
..........o...(#.#
..<............#.#
.....>.........#.##
...............#..#


You could see an orc priest.

Vanquished Creatures
  An ooze (D:3)
  5 worms
  A dart slug (D:1)
  A leopard gecko (D:1)
  2 orcs
  3 giant cockroaches (D:1)
  6 goblins
  10 hobgoblins
  2 jackals (D:1)
  2 bats
  2 frilled lizards (D:1)
  7 kobolds
  6 rats
48 creatures vanquished.

Notes
Turn   | Place    | Note
-------+----------+-------------------------------------------
     0 | D:1      | ricardofg the Draconian Wizard began the quest for the Orb.
     0 | D:1      | Reached XP level 1. HP: 14/14 MP: 4/4
   563 | D:1      | Reached XP level 2. HP: 19/20 MP: 1/6
  1325 | D:2      | Reached XP level 3. HP: 17/26 MP: 0/8
  2582 | D:3      | Found a blossoming altar of Fedhas.
  2608 | D:3      | Learned a level 3 spell: Conjure Flame
  2612 | D:3      | Learned a level 3 spell: Mephitic Cloud
  2832 | D:3      | Reached XP level 4. HP: 33/33 MP: 9/9
  3078 | D:3      | Killed from afar by an orc priest

Levels and vault maps discovered:
D:1:      dpeg_arrival_ternary, layout_loops_cross
D:2:      layout_rooms, first_ration
D:3:      minmay_diamond_boxcup, layout_rooms, old_standard_altar,
          gammafunk_temple_overflow_claw, serial_co_window_serial,
          co_window_of_opportunity_a, co_window_of_opportunity_a,
          co_window_paths_a, co_window_corner_a, co_window_paths_b,
          co_window_paths_b, co_window_of_opportunity_a, co_window_broadway_b,
          co_window_of_opportunity_b, co_window_cross_4, co_window_paths_e,
          nrook_uturn, hangedman_feature_mirror, corexii_hall_statues_deadend,
          fedhas_altar_3

Skill      XL: |  1  2 |
---------------+-------+-----
Conjurations   | 2 |  2.8
Dodging        | |  1.7
Stealth        | |  1.7
Spellcasting   | |  3.9
Summonings     | |  1.0
Translocations | |  1.0

Action                   |  1- 3 |  4- 6 || total
-------------------------+-------+-------++-------
Melee: Short sword       |   135 |    12 ||   147
       Unarmed           |     7 |       ||     7
       Tailslap          |    17 |       ||    17
 Cast: Magic Dart        |    71 |     4 ||    75
  Use: Scroll            |     3 |       ||     3
 Stab: Sleeping          |     3 |       ||     3
  Eat: Chunk             |     6 |     1 ||     7
Armor: Skin              |    33 |     3 ||    36
Dodge: Dodged            |    94 |    21 ||   115
